AoeStats
← kjubab

Arabia

509823518Analyzed
1v1 RM · 5d ago on Sep 28, 2026· 16m 16s· 2 players
Game mode
Random Map
Map size
Tiny (2 player)
Population
200
Speed
Normal
Resources
Standard
Victory
Conquest
Starting age
Dark Age
Ending age
Imperial Age
RankedLock teamsTeams togetherTeam positionsShared explorationLock speedFull tech treeHidden civsTurbo modeCheats
Victory
Defeat
🇨🇿 Khmer · Czechia
1049
+16
🇨🇳 Britons · China
1052
-16
kjubab
7:29 Loom
10:44 Feudal Age
8:59 Loom
14:07 Castle Age
14:28 Bloodlines
xxxx
9:47 Feudal Age
8:03 Loom
13:11 Double-Bit Axe
Connection lost

Rejoining the realm…

Still unreachable

The connection could not be restored.

Session expired

The server has moved on; the page needs a fresh start.